 Dungeon Crawl Stone Soup version 0.27.1-34-g3ba077fa99 (webtiles) character file.

Game seed: 5029409444499410842

42 alasdair19 the Slasher (level 3, 0/30 HPs)
             Began as a Minotaur Gladiator on Jan 15, 2022.
             Slain by a gnoll (2 damage)
             ... on level 2 of the Dungeon.
             The game lasted 00:03:01 (890 turns).

alasdair19 the Slasher (Minotaur Gladiator)          Turns: 890, Time: 00:03:02

Health: 0/30       AC:  4    Str: 18    XL:     3   Next: 33%
Magic:  2/2        EV: 12    Int:  6    God:
Gold:   26         SH:  0    Dex: 11    Spells: 2/2 levels left

rFire    . . .     SeeInvis .   a - +0 long sword
rCold    . . .     Faith    .   (no shield)
rNeg     . . .     Spirit   .   b - +0 leather armour
rPois    .         Reflect  .   c - +0 hat
rElec    .         Harm     .   (no cloak)
rCorr    .         Rampage  .   e - +0 pair of gloves
Will     .....                  (no boots)
Stlth    +.........             h - amulet of regeneration
HPRegen  1.10/turn              (no ring)
MPRegen  0.08/turn              (no ring)

@: no status effects
A: horns 2, retaliatory headbutt
a: no special abilities


You were on level 2 of the Dungeon.
You visited 1 branch of the dungeon, and saw 2 of its levels.

You collected 26 gold pieces.

Inventory:

Hand Weapons
 a - a +0 long sword (weapon)
Armour
 b - a +0 leather armour (worn)
 c - a +0 hat (worn)
 e - a +0 pair of gloves (worn)
Jewellery
 h - an amulet of regeneration (around neck)
Scrolls
 f - a scroll of teleportation {unknown}
 g - a scroll of immolation {unknown}
 k - 3 scrolls of blinking {unknown}
 l - a scroll of acquirement {unknown}
 m - a scroll of fear {unknown}
Potions
 i - a potion of might {unknown}
 j - a potion of invisibility {unknown}


   Skills:
 + Level 2.7 Fighting
 + Level 4.2 Long Blades
 + Level 2.2 Throwing
 + Level 0.4 Armour
 + Level 4.0 Dodging


You had 2 spell levels left.
You didn't know any spells.
Your spell library was empty.

Dungeon Overview and Level Annotations

Branches:
Dungeon (2/15)

Altars:


Innate Abilities, Weirdness & Mutations

You have a pair of horns on your head.
You reflexively headbutt those who attack you in melee.


Message History

Aim: a gnoll, wielding a +0 spear (61% to hit)
You throw a throwing net.
The throwing net barely misses the gnoll.
The gnoll hits you from afar with a +0 spear.
Throw: throwing net
Press: ? - help, Q - select action Shift-Dir - straight line, f/p - gnoll
Aim: a gnoll, wielding a +0 spear (61% to hit)
You throw a throwing net. The throwing net hits the gnoll.
The gnoll is caught in the net!
The gnoll struggles against the net.
The gnoll barely misses you.
The gnoll struggles against the net.
You catch the helpless gnoll completely off-guard!
You slash the gnoll!
The gnoll is severely wounded.
The gnoll hits you from afar with a +0 spear.
The gnoll struggles against the net.
You catch the helpless gnoll completely off-guard!
You hit the gnoll but do no damage. You headbutt the gnoll.
You kill the gnoll!
The gnoll hits you from afar with a +0 spear.
Your Dodging skill increases to level 4!
The gnoll closely misses you.
You riposte.
You barely miss the gnoll. Your headbutt misses the gnoll.
The gnoll closely misses you.
Things that are here:
a +0 spear; a gnoll corpse You hit the gnoll.
The gnoll is lightly wounded.
The gnoll hits you with a +0 spear!
The gnoll hits you from afar with a +0 halberd.
You hit the gnoll but do no damage.
The gnoll is lightly wounded.
The gnoll hits you with a +0 spear.
The gnoll hits you from afar with a +0 halberd!
* * * LOW HITPOINT WARNING * * *
The gnoll closely misses you.
You riposte.
You closely miss the gnoll.
The gnoll is lightly wounded.
You barely miss the gnoll. You headbutt the gnoll!
The gnoll is almost dead.
The gnoll barely misses you. The gnoll hits you with a +0 spear.
You die...

#.... ##+##....
...#.## #.......#
#..#...
#......(### ..####
#......... ##.####
+........
............
#......g#
#.#..###.### #g#
#.#(........ #@#
#.#...##..## #.#
#.#...###.## #.#
#.......#..#
#.#####.......##.#
#.............##.#
#.######.....)....
### #......###.
#####..........
..........#.....


You could see 2 gnolls.

Vanquished Creatures
  A gnoll (D:2)
  A dart slug (D:1)
  3 ball pythons (D:1)
  5 endoplasms
  A giant cockroach (D:1)
  3 goblins (D:1)
  3 hobgoblins
  2 kobolds
  A quokka (D:1)
  4 bats
  2 frilled lizards
26 creatures vanquished.

Vanquished Creatures (others)
  A plant (D:1)
1 creature vanquished.

Grand Total: 27 creatures vanquished

Notes
Turn   | Place    | Note
-------+----------+-------------------------------------------
     0 | D:1      | alasdair19 the Minotaur Gladiator began the quest for the
                  | Orb.
     0 | D:1      | Reached XP level 1. HP: 18/18 MP: 0/0
    82 | D:1      | Found a faded altar of an unknown god.
   193 | D:1      | Reached XP level 2. HP: 25/25 MP: 1/1
   781 | D:2      | Reached XP level 3. HP: 30/30 MP: 2/2
   889 | D:2      | HP: 1/30 [gnoll (9)]
   890 | D:2      | Slain by a gnoll

Illustrated notes

Levels and vault maps discovered:
D:1:      lightli_arrival_statuegarden, layout_basic,
          shapermc_ecumenical_altar_acropolis, item_on_display_a
D:2:      layout_basic

Skill      XL: |  1  2  3 |
---------------+----------+-----
Long Blades    | 4 |  4.2
Dodging        | 4 |  4.0
Fighting       | |  2.7
Throwing       | |  2.2
Armour         | |  0.4

Action                   || total
-------------------------++-------
Melee: Long sword        ||    55
       Headbutt          ||     8
Throw: Throwing net      ||     3
 Stab: Held in net/web   ||     2
Armor: Leather armour    ||    26
Dodge: Dodged            ||    50
       Rpst.: Long sword ||    12
